 Dungeon Crawl Stone Soup version 0.24-a0-177-g4d90231847 (webtiles) character file.

Game seed: 5231565327607064499

3445 MrRokkomies the Jinx (level 9, -2/68 HPs)
             Began as a Vampire Enchanter on Mar 13, 2019.
             Was a Believer of Kikubaaqudgha.
             Slain by a slime creature (14 damage)
             ... on level 7 of the Dungeon.
             The game lasted 00:26:29 (6939 turns).

MrRokkomies the Jinx (Vampire Enchanter)            Turns: 6939, Time: 00:26:29

Health: -2/68      AC:  8    Str:  8    XL:     9   Next: 77%
Magic:  12/12      EV: 17    Int: 20    God:    Kikubaaqudgha [**....]
Gold:   356        SH:  0    Dex: 14    Spells: 2/12 levels left

rFire    . . .     SeeInvis +   a - +0 short sword (speed)
rCold    + . .     Gourm    .   (no shield)
rNeg     + + .     Faith    .   w - +3 robe of Amorality {Stlth+}
rPois    +         Spirit   .   (no helmet)
rElec    .         Reflect  .   (no cloak)
rCorr    .         Harm     .   g - +1 pair of gloves
MR       .....                  v - +0 pair of boots (curse)
Stlth    +++++.....             x - amulet of magic regeneration
HPRegen  0.10/turn              r - +1 ring of evasion
MPRegen  0.38/turn              (no ring)

@: regenerating slowly
A: fangs 3, see invisible, unbreathing
a: Bat Form, Receive Corpses, Renounce Religion


You were on level 7 of the Dungeon.
You worshipped Kikubaaqudgha.
Kikubaaqudgha was pleased with you.
You were thirsty.

You visited 2 branches of the dungeon, and saw 8 of its levels.

You collected 356 gold pieces.

Inventory:

Hand Weapons
 a - a +0 short sword of speed (weapon)
 b - a +4 long sword of freezing
 m - a +1 dagger
 n - a cursed +0 great sword of slicing
Missiles
 j - 22 poisoned needles
Armour
 g - a +1 pair of gloves (worn)
 v - a cursed +0 pair of boots (worn)
 w - the +3 robe of Amorality (worn) {Stlth+}
   (You found it on level 5 of the Dungeon)

   It makes you more stealthy.
Jewellery
 r - a +1 ring of evasion (left hand)
 x - an amulet of magic regeneration (around neck)
Wands
 p - a wand of iceblast (11)
 t - a wand of digging (7)
Scrolls
 f - 2 scrolls of remove curse
 h - a scroll of teleportation
 i - 2 scrolls of identify
 s - 2 scrolls of enchant armour
Potions
 c - 3 potions of curing
 d - 4 potions of blood
 e - 3 potions of might
 k - 5 potions of flight
 l - a potion of cancellation
 o - a potion of haste
 q - a potion of mutation
 u - 2 potions of heal wounds {unknown}


   Skills:
 - Level 5.1 Fighting
 - Level 6.0 Short Blades
 * Level 6.3 Dodging
 - Level 6.2 Stealth
 - Level 2.0 Spellcasting
 * Level 11.1 Hexes
 - Level 6.2 Ice Magic


You had 2 spell levels left.
You knew the following spells:

 Your Spells              Type           Power        Failure   Level  Hunger
a - Corona                Hex            #####..      1%          1    #......
b - Ensorcelled Hibernat  Hex/Ice        #####.       1%          2    ##.....
c - Confuse               Hex            #####...     1%          3    ###....
d - Tukima's Dance        Hex            #####...     1%          3    ###....
e - Animate Skeleton      Necr           N/A          16%         1    #......

Your spell library contained the following spells:

 Spells                   Type           Power        Failure   Level  Hunger
 Pain                     Necr           #...         16%         1    #......
 Sublimation of Blood     Necr           #.........   24%         2    ##.....
 Dazzling Spray           Conj/Hex       ###...       4%          3    ###....
 Regeneration             Chrm/Necr      #.........   43%         3    ###....


Dungeon Overview and Level Annotations

Branches:
Dungeon (7/15)             Temple (1/1) D:4

Altars:
Ashenzari
Cheibriados
Dithmenos
Elyvilon
Fedhas
Gozag
Hepliaklqana
Kikubaaqudgha
Makhleb
Nemelex Xobeh
Okawaru
Qazlal
Sif Muna
Trog
Uskayaw
Vehumet
Xom
Yredelemnul
Zin


Innate Abilities, Weirdness & Mutations

You heal slowly.
You have razor-sharp teeth.
You have supernaturally acute eyesight. (SInv)
You can survive without breathing.


Message History

You completely miss the slime creature.
The slime creature is heavily wounded.
You hit the slime creature.
The slime creature is severely wounded.
The adder bites you but does no damage. The slime creature closely misses you.
You hit the slime creature.
The slime creature is severely wounded.
You hit the slime creature. You bite the slime creature.
The slime creature is severely wounded.
The adder misses you. The adder misses you.
You strike the helpless slime creature from behind!
You puncture the slime creature!
The slime creature is almost dead.
The slime creature seems less confused.
You hit the slime creature.
The slime creature is almost dead.
The adder barely misses you. The slime creature hits you!
You die...
Kikubaaqudgha rasps: "You have failed me!
Welcome... oblivion!"

############# #.....(..W..#
######.........()######
...J.............÷†(...#
#########.#'#'#########'.#
#.....##..#[##..†[)....#.###
#.....##.##)##.###.###.#....
###[....#..#)@.###.#.#.###.##.
####..†......##S#J##.##.##.#.....
.............#.#.#.##.....##...##
..##........##.....##.....#..###
..##........#.......##...##.#####
#.##.......##.#.#.#.##...#..# #..
#.##.......#.#.#.#.#.# ##.####..
#'###..##.##.........# #(....#..
#_###.###.#'#'#######' #..#.####


You could see a slime creature and an adder.

Vanquished Creatures
  A troll (D:7)
  Sigmund (D:2)
  A necrophage (D:7)
  A black bear (D:6)
  An ice beast (D:5)
  2 sky beasts (D:7)
  2 phantoms
  2 ogres
  4 centaurs
  4 bullfrogs
  5 scorpions
  5 killer bees (D:7)
  5 wights
  A howler monkey (D:7)
  2 crimson imps
  A quasit (D:7)
  4 hounds
  3 jellies
  An orc priest (D:6)
  An orc wizard (D:7)
  2 bullfrog skeletons
  An iguana (D:3)
  9 worker ants
  A hound skeleton (D:4)
  3 gnolls (D:4)
  A howler monkey skeleton (D:7)
  5 adders
  A shadow imp (D:7)
  3 oozes
  An adder zombie (D:7)
  5 worms
  A dart slug (D:5)
  12 leopard geckos
  15 orcs
  6 bats
  3 goblins
  3 hobgoblins
  13 jackals
  6 quokkas
  A ball python (D:7)
  A ball python skeleton (D:6)
  7 frilled lizards
  7 kobolds
  7 rats
161 creatures vanquished.

Vanquished Creatures (collateral kills)
  An orc warrior (D:7)
1 creature vanquished.

Grand Total: 162 creatures vanquished

Notes
Turn   | Place    | Note
-------+----------+-------------------------------------------
     0 | D:1      | MrRokkomies the Vampire Enchanter began the quest for the
                  | Orb.
     0 | D:1      | Reached XP level 1. HP: 13/13 MP: 3/3
   168 | D:1      | You fall through a shaft!
   201 | D:2      | Noticed Sigmund
   331 | D:1      | Reached XP level 2. HP: 10/19 MP: 3/5
   335 | D:1      | Learned a level 2 spell: Ensorcelled Hibernation
   736 | D:2      | Reached skill level 5 in Hexes
  1009 | D:2      | Killed Sigmund
  1009 | D:2      | Reached skill level 5 in Stealth
  1009 | D:2      | Reached skill level 6 in Hexes
  1009 | D:2      | Reached XP level 3. HP: 24/24 MP: 3/6
  1009 | D:2      | Reached XP level 4. HP: 30/30 MP: 3/7
  1009 | D:2      | Reached XP level 5. HP: 35/35 MP: 3/8
  1512 | D:3      | Learned a level 3 spell: Confuse
  1639 | D:3      | Noticed a phantom
  1667 | D:3      | Killed a phantom
  1667 | D:3      | Reached skill level 7 in Hexes
  1667 | D:3      | Reached XP level 6. HP: 40/41 MP: 3/9
  2257 | D:4      | Found a staircase to the Ecumenical Temple.
  2270 | Temple   | Entered the Ecumenical Temple
  2635 | D:4      | Reached skill level 5 in Short Blades
  2923 | D:4      | Reached skill level 8 in Hexes
  2977 | D:4      | Reached XP level 7. HP: 41/46 MP: 8/10
  3012 | D:4      | Reached skill level 1 in Ice Magic
  3017 | D:4      | Learned a level 3 spell: Tukima's Dance
  3213 | D:5      | Entered Level 5 of the Dungeon
  3294 | D:5      | Reached skill level 1 in Fighting
  3458 | D:5      | Reached XP level 8. HP: 57/57 MP: 11/11
  3927 | D:5      | Found an iron altar of Okawaru.
  4049 | D:5      | Got a fine robe
  4065 | D:5      | Identified the +3 robe of Amorality {Stlth+} (You found it
                  | on level 5 of the Dungeon)
  4413 | D:6      | Found a shattered altar of Ashenzari.
  4552 | D:6      | Reached skill level 5 in Ice Magic
  4653 | D:6      | Found a shattered altar of Ashenzari.
  5009 | D:6      | Found a radiant altar of Vehumet.
  5009 | D:6      | Found an ancient bone altar of Kikubaaqudgha.
  5010 | D:6      | Found a deep blue altar of Sif Muna.
  5015 | D:6      | Identified Kikubaaqudgha's Compendium of Sinister Arts
  5018 | D:6      | Became a worshipper of Kikubaaqudgha
  5021 | D:6      | Learned a level 1 spell: Animate Skeleton
  5439 | D:6      | Reached skill level 5 in Fighting
  6082 | D:7      | Reached XP level 9. HP: 63/68 MP: 5/12
  6297 | D:7      | Reached skill level 9 in Hexes
  6363 | D:7      | Found a hide-covered altar of Uskayaw.
  6475 | D:7      | Reached * piety under Kikubaaqudgha
  6475 | D:7      | Identified Kikubaaqudgha's Incunabulum of Sinister Magic
                  | (Kikubaaqudgha gifted it to you on level 7 of the Dungeon)
  6475 | D:7      | Received a gift from Kikubaaqudgha
  6796 | D:7      | Reached skill level 5 in Dodging
  6796 | D:7      | Reached skill level 10 in Hexes
  6864 | D:7      | Noticed a troll
  6878 | D:7      | Killed a troll
  6878 | D:7      | Reached ** piety under Kikubaaqudgha
  6878 | D:7      | Reached skill level 11 in Hexes
  6939 | D:7      | Slain by a slime creature

Levels and vault maps discovered:
D:1:      wander_arrival_lonely_grave, layout_loops_ring
D:2:      layout_basic, first_ration, uniq_sigmund
D:3:      layout_basic
D:4:      layout_loops_cross, minmay_temple_entry_gardened_gates
D:5:      layout_cave_pods, kennysheep_mini_moat, serial_column_ruins,
          column_ruins_open_medium, column_ruins_corridor_dead_end,
          column_ruins_open_tiny, column_ruins_open_tiny,
          column_ruins_columns_straight, kennysheep_generic_room_8
D:6:      layout_cave_pods, grunt_temple_overflow_magic_moments, basic_altar,
          grunt_ashenzari_visionary [grunt_ashenzari_visionary_swamp,
          grunt_ashenzari_visionary_spider]
D:7:      minmay_the_grid_triangle_9x9_rhombus_thin
          [minmay_the_grid_triangle_9x9_flanged_cone,
          minmay_the_grid_triangle_9x9_prize_special,
          minmay_the_grid_triangle_9x9_warning,
          minmay_the_grid_triangle_9x9_zippers_horizontal], layout_rooms,
          kennysheep_mini
Temple:   eino_temple_lava

Skill      XL: |  1  2  3  4  5  6  7  8  9 |
---------------+----------------------------+-----
Short Blades   | 3 4 5 6 |  6.0
Hexes          | 6 7 8 11 | 11.1
Stealth        | 5 6 |  6.2
Ice Magic      | 3 6 |  6.2
Fighting       | 2 5 |  5.1
Dodging        | 6 |  6.3
Spellcasting   | |  2.0

Action                   |  1- 3 |  4- 6 |  7- 9 || total
-------------------------+-------+-------+-------++-------
Melee: Dagger            |    47 |       |       ||    47
       Bite              |     5 |     4 |    45 ||    54
       Short sword       |    10 |   131 |   446 ||   587
       Long sword        |       |       |    33 ||    33
 Cast: Corona            |     1 |       |       ||     1
       Ensorcelled Hiber |     2 |    11 |    39 ||    52
       Confuse           |       |     2 |    23 ||    25
       Tukima's Dance    |       |       |     2 ||     2
  Use: Scroll            |       |     9 |     6 ||    15
       Potion            |       |     2 |     9 ||    11
 Stab: Sleeping          |    11 |    25 |    50 ||    86
       Confused          |       |     3 |    17 ||    20
       Distracted        |       |       |     1 ||     1
  Eat: Corpse            |       |     2 |     2 ||     4
Armor: Robe              |    22 |    23 |    83 ||   128
Dodge: Dodged            |    54 |    48 |   241 ||   343
       Rpst.: Long sword |       |       |     7 ||     7

Table legend:
 A = Non-vault XP
 B = Vault XP
 C = Vault XP percentage of total XP
 D = Non-vault monster count
 E = Vault monster count
 F = Vault count percentage of total count
                 A         B        C        D         E       F
            +---------+---------+-------+---------+---------+-------
      Total |    3914 |    1008 |  20.5 |     154 |       8 |   4.9
            +---------+---------+-------+---------+---------+-------
        D:1 |      13 |       0 |   0.0 |      10 |       0 |   0.0
        D:2 |      45 |     223 |  83.2 |      19 |       1 |   5.0
        D:3 |     183 |       0 |   0.0 |      12 |       0 |   0.0
        D:4 |     554 |       0 |   0.0 |      28 |       0 |   0.0
        D:5 |     712 |       0 |   0.0 |      24 |       0 |   0.0
        D:6 |     925 |       0 |   0.0 |      24 |       0 |   0.0
        D:7 |    1482 |     785 |  34.6 |      37 |       7 |  15.9
            +---------+---------+-------+---------+---------+-------
